 Dungeon Crawl Stone Soup version 0.24-a0-312-g16217b4 (webtiles) character file.

Game seed: 14743636783339887600

50 mhoghedin the Magician (level 3, -1/26 HPs)
             Began as a Demigod Wizard on May 15, 2019.
             Slain by an orc warrior
             ... wielding a +0 mace
              (19 damage)
             ... on level 3 of the Dungeon.
             The game lasted 00:05:08 (2574 turns).

mhoghedin the Magician (Demigod Wizard)             Turns: 2574, Time: 00:05:08

Health: -1/26      AC:  3    Str: 10    XL:     3   Next: 35%
Magic:  4/10       EV: 12    Int: 24    God:
Gold:   50         SH:  0    Dex: 14    Spells: 0/8 levels left

rFire    . . .     SeeInvis .   b - -1 dagger (curse)
rCold    . . .     Gourm    .   (no shield)
rNeg     . . .     Faith    .   a - +0 robe
rPois    .         Spirit   .   c - +0 helmet
rElec    .         Reflect  .   (no cloak)
rCorr    .         Harm     .   (no gloves)
MR       .....                  (no boots)
Stlth    ++........             (no amulet)
HPRegen  0.08/turn              (no ring)
MPRegen  0.12/turn              (no ring)

@: no status effects
A: high mp 1
a: no special abilities


You were on level 3 of the Dungeon.
You were hungry.

You visited 1 branch of the dungeon, and saw 3 of its levels.

You collected 50 gold pieces.

Inventory:

Hand Weapons
 b - a cursed -1 dagger (weapon)
   (You found it on level 2 of the Dungeon)
 j - a +0 spear
   (You found it on level 1 of the Dungeon)
Armour
 a - a +0 robe (worn)
 c - a +0 helmet (worn)
   (You found it on level 2 of the Dungeon)
Jewellery
 h - a +4 ring of dexterity {unknown}
   (You found it on level 3 of the Dungeon)
Scrolls
 f - a scroll of enchant armour
Potions
 g - a potion of flight
Comestibles
 d - 5 rations


   Skills:
 - Level 1.7 Dodging
 - Level 1.7 Stealth
 + Level 3.4 Spellcasting
 + Level 1.2 Conjurations
 - Level 1.5 Summonings
 - Level 1.3 Translocations
 + Level 0.0 Air Magic
 + Level 0.1 Poison Magic


You couldn't memorise any spells.
You knew the following spells:

 Your Spells              Type           Power        Failure   Level  Hunger
a - Magic Dart            Conj           #...         6%          1    None
b - Blink                 Tloc           N/A          9%          2    #......
c - Call Imp              Summ           ##......     9%          2    #......
x - Mephitic Cloud        Conj/Pois/Air  #.......     26%         3    ###....

Your spell library contained the following spells:

 Spells                   Type           Power        Failure   Level  Hunger
 Slow                     Hex            #.......     16%         2    #......
 Conjure Flame            Conj/Fire      #.......     24%         3    ###....


Dungeon Overview and Level Annotations

Branches:
Dungeon (2/15)


Innate Abilities, Weirdness & Mutations

You have an increased reservoir of magic. (+10% MP)


Message History

You hit the leopard gecko. The leopard gecko misses you.
Your crimson imp hits the leopard gecko.
The leopard gecko dies!
Your crimson imp blinks!
You closely miss the orc. The orc barely misses you.
You barely miss the orc.
Your white imp closely misses the orc.
The orc hits you but does no damage.
You hit the orc but do no damage.
Your white imp hits the orc but does no damage.
The orc hits you with a +0 dagger.
You take 3 damage, and have 23/26 hp.
You hit the orc but do no damage.
Your white imp hits the orc.
Your white imp freezes the orc.
The orc hits you but does no damage.
You hit the orc but do no damage.
Your white imp barely misses the orc.
The orc barely misses you.
Your crimson imp hits the orc but does no damage.
You hit the orc but do no damage.
Your white imp gestures at the orc.
The puff of frost hits the orc!
The orc dies!
No target in view!
No target in view!
An orc comes into view. It is wielding a +0 whip.
An orc warrior comes into view. It is wielding a +0 mace.
Something hits your crimson imp!
Something completely misses your crimson imp.
Your crimson imp easily resists.
Your crimson imp blinks!
Your crimson imp blinks!
Your white imp resists with significant effort.
The orc warrior hits your crimson imp with a +0 mace.
Your crimson imp barely misses the orc warrior.
Your white imp disappears in a puff of smoke!
Your crimson imp disappears in a puff of smoke!
A puff of flame appears from out of thin air!
Deactivating autopickup; reactivate with Ctrl-A.
The puff of flame misses you.
A shadowy apparition takes form in the air.
You now have 7/10 mp.
A beastly little devil appears in a puff of flame.
You hear some strange, mumbled words.
You are confused.
You now have 5/10 mp.
Are you sure you want to stumble around while confused and next to your shadow imp?
Okay, then.
Unknown command.
Something barely misses your crimson imp.
Your crimson imp barely misses something.
Something misses your crimson imp.
Your shadow imp closely misses something.
Your crimson imp blinks!
Your shadow imp hits something.
Something hits you but does no damage.
Your shadow imp barely misses something.
You feel less confused. Something hits you but does no damage.
The orc warrior hits you with a +0 mace!!
Ouch! That really hurt!
* * * LOW HITPOINT WARNING * * *
Your shadow imp hits something.
You take 18 damage, and have 7/26 hp.
MASSIVE DAMAGE!!
Okay, then.
Unknown command.
It was a potion of curing.
You feel better. Something barely misses you.
The orc closely misses your shadow imp.
Your shadow imp closely misses something.
You regained 8 hp, and now have 15/26 hp.
The orc warrior completely misses you.
Your shadow imp hits something.
Something closely misses your shadow imp.
The orc closely misses something.
Your shadow imp hits something but does no damage.
Your shadow imp resists with significant effort.
The magic dart hits your crimson imp.
Your crimson imp blinks!
Your crimson imp easily resists.
The puff of flame hits your shadow imp!
Your shadow imp dies!
A beastly little devil appears in a puff of flame.
You are feeling hungry.
You now have 5/10 mp.
Your crimson imp hits the orc.
A beastly little devil appears in a puff of flame.
The orc warrior barely misses you.
A magic dart appears from out of your range of vision.
The magic dart hits your crimson imp.
Your crimson imp hits the orc.
You now have 4/10 mp.
Your crimson imp blinks!
A magic dart appears from out of your range of vision.
The magic dart hits your crimson imp!
You swap places.
The orc warrior barely misses your crimson imp.
Your crimson imp blinks!
Your crimson imp hits the orc but does no damage.
Your crimson imp blinks!
Your crimson imp blinks!
The magic dart hits your crimson imp.
Your crimson imp blinks!
A beastly little devil appears in a puff of frigid air.
The orc warrior hits you with a +0 mace!!
Ouch! That really hurt!
You die...

#5#####.####.######
#5#......##.5.....#
#.#.###.........#.# #.#.#
#.###.5.#.#.#
#.#.###.##........#
#.......###.o.#.### ###.#####
##.#...#### ####.###
#o#......# #......#
#@#...##.##### #.##.#.#
##'##.........# #.##.#.#
##5..#.###.###.# ##.#..#.#
##......# #.###.#
#.....#.###.......###.##..##
###.......##.........##......#
...........'.........+(......#
####....####.........####....#
#.#.## ##.......######...#


You could see an orc warrior, an orc, 2 friendly crimson imps and a friendly
white imp.

Vanquished Creatures
  An adder (D:3)
  A dart slug (D:1)
  A leopard gecko (D:1)
  2 giant cockroaches (D:1)
  3 goblins
  A hobgoblin (D:1)
  3 kobolds
  A quokka (D:3)
  3 ball pythons
  7 bats
23 creatures vanquished.

Vanquished Creatures (collateral kills)
  An adder (D:2)
  2 worms
  A leopard gecko (D:3)
  2 orcs (D:3)
  3 goblins
  2 hobgoblins
  A bat (D:2)
12 creatures vanquished.

Grand Total: 35 creatures vanquished

Notes
Turn   | Place    | Note
-------+----------+-------------------------------------------
     0 | D:1      | mhoghedin the Demigod Wizard began the quest for the Orb.
     0 | D:1      | Reached XP level 1. HP: 14/14 MP: 6/6
    11 | D:1      | HP: 3/14 [hobgoblin/+0 club (4)]
    12 | D:1      | HP: 1/14 [hobgoblin/+0 club (2)]
   376 | D:1      | Reached skill level 3 in Spellcasting
   685 | D:1      | Reached XP level 2. HP: 20/20 MP: 5/8
  1070 | D:1      | Learned a level 2 spell: Blink
  1073 | D:1      | Learned a level 2 spell: Call Imp
  1336 | D:2      | Reached skill level 1 in Conjurations
  1579 | D:2      | Found a stormy altar of Qazlal.
  1590 | D:2      | Reached skill level 1 in Summonings
  1724 | D:2      | Reached skill level 1 in Translocations
  1861 | D:2      | You fall through a shaft!
  1869 | D:3      | Reached XP level 3. HP: 21/26 MP: 2/10
  2401 | D:3      | Learned a level 3 spell: Mephitic Cloud
  2522 | D:3      | Noticed an orc warrior
  2574 | D:3      | Slain by an orc warrior

Levels and vault maps discovered:
D:1:      dpeg_arrival_tiny_g, layout_basic
D:2:      layout_loops_ring, lemuel_crystal_altar
D:3:      layout_loops_corners, first_ration

Skill      XL: |  1  2 |
---------------+-------+-----
Spellcasting   | 3 |  3.4
Conjurations   | 1 |  1.2
Summonings     | 1 |  1.5
Translocations | 1 |  1.3
Dodging        | |  1.7
Stealth        | |  1.7
Poison Magic   | |  0.1

Action                   || total
-------------------------++-------
Melee: Club              ||     8
       Unarmed           ||     4
       Spear             ||    10
       Dagger            ||    32
 Cast: Magic Dart        ||    39
       Call Imp          ||    27
  Use: Scroll            ||     4
       Potion            ||     1
 Stab: Sleeping          ||     3
       Distracted        ||     1
  Eat: Chunk             ||     5
Armor: Robe              ||    11
Dodge: Dodged            ||    41

Table legend:
 A = Non-vault XP
 B = Vault XP
 C = Vault XP percentage of total XP
 D = Non-vault monster count
 E = Vault monster count
 F = Vault count percentage of total count
                 A         B        C        D         E       F
            +---------+---------+-------+---------+---------+-------
      Total |      72 |       0 |   0.0 |      35 |       0 |   0.0
            +---------+---------+-------+---------+---------+-------
        D:1 |      26 |       0 |   0.0 |      14 |       0 |   0.0
        D:2 |      21 |       0 |   0.0 |      11 |       0 |   0.0
        D:3 |      25 |       0 |   0.0 |      10 |       0 |   0.0
            +---------+---------+-------+---------+---------+-------

Levels and vault maps discovered:
D:1:      dpeg_arrival_tiny_g, layout_basic
D:2:      layout_loops_ring, lemuel_crystal_altar
D:3:      layout_loops_corners, first_ration

Table legend:
 A = Turns spent in this place as a percentage of turns spent in the entire game.
 B = Non-inter-level travel turns spent in this place as a percentage of non-inter-level travel turns spent in the entire game.
 C = Inter-level travel turns spent in this place as a percentage of turns spent in this place.
 D = Turns resting spent in this place as a percentage of non-inter-level travel turns spent in this place.
 E = Turns spent auto-exploring this place as a percentage of non-inter-level travel turns spent in this place.
 F = Non-inter-level travel turns spent in this place divided by the number of levels of this place that you've seen.
                   A       B       C       D       E      F
               +-------+-------+-------+-------+-------+----------------------
         Total | 100.0 | 100.0 |   4.1 |  46.5 |  36.6 | 823.0
       Dungeon | 100.0 | 100.0 |   4.1 |  46.5 |  36.6 | 823.0
               +-------+-------+-------+-------+-------+----------------------

Table legend:
 A = Kills in this place as a percentage of kills in entire the game.
 B = Kills by you in this place as a percentage of kills by you in the entire game.
 C = Kills by friends in this place as a percentage of kills by friends in the entire game.
 D = Other kills in this place as a percentage of other kills in the entire game.
 E = Experience gained in this place as a percentage of experience gained in the entire game.
 F = Experience gained in this place divided by the number of levels of this place that you have seen.
                   A       B       C       D       E      F
               +-------+-------+-------+-------+-------+----------------------
         Total | 100.0 | 100.0 | 100.0 |   N/A | 100.0 |  24.0
       Dungeon | 100.0 | 100.0 | 100.0 |   N/A | 100.0 |  24.0
               +-------+-------+-------+-------+-------+----------------------
